 Dungeon Crawl Stone Soup version 0.28-a0-1130-gc51a68064b (webtiles) character file.

Game seed: 15151704827674121687

25 ytrimaz the Insei (level 3, 0/23 HPs)
             Began as an Octopode Transmuter on Dec 12, 2021.
             Succumbed to an adder's poison
             ... on level 2 of the Dungeon.
             The game lasted 00:01:11 (1000 turns).

ytrimaz the Insei (Octopode Transmuter)             Turns: 1000, Time: 00:01:12

Health: 0/23       AC:  1    Str:  9    XL:     3   Next: 4%
Magic:  6/6        EV: 13    Int: 17    God:
Gold:   15         SH:  0    Dex: 12    Spells: 0/6 levels left

rFire   . . .      SeeInvis .   d - +0 dagger (venom)
rCold   . . .      Faith    .   (no shield)
rNeg    . . .      Spirit   .   (helmet restricted)
rPois   .          Reflect  .   (no amulet)
rElec   .          Harm     .   (no ring)
rCorr   .          Rampage  .   (no ring)
Will    .....                   (no ring)
Stlth   +++.......              (no ring)
HPRegen 0.07/turn               (no ring)
MPRegen 0.10/turn               (no ring)
                                (no ring)
                                (no ring)

@: lethally poisoned (0 -> -11)
A: almost no armour, amphibious, 8 rings, camouflage 1, gelatinous body 1,
(nimble swimmer 1), tentacles
a: no special abilities


You were on level 2 of the Dungeon.
You visited 1 branch of the dungeon, and saw 2 of its levels.

You collected 15 gold pieces.

Inventory:

Hand Weapons
 d - a +0 dagger of venom (weapon)
Scrolls
 a - a scroll of fog {unknown}
 b - a scroll of amnesia {unknown}
 e - a scroll of identify {unknown}
 f - a scroll of enchant armour {unknown}
Potions
 c - a potion of berserk rage {unknown}
 g - a potion of attraction {unknown}


   Skills:
 - Level 1.0 Fighting
 + Level 2.1 Dodging
 * Level 1.4 Stealth
 + Level 3.6 Unarmed Combat
 + Level 2.2 Spellcasting
 + Level 2.0 Transmutations


You couldn't memorise any spells.
You knew the following spells:

 Your Spells              Type           Power      Damage    Failure   Level
a - Beastly Appendage     Tmut           16%        N/A       9%          1
b - Wereblood             Tmut           8%         N/A       12%         2
c - Spider Form           Tmut/Pois      5%         N/A       36%         3

Your spell library contained the following spells:

 Spells                   Type           Power      Damage    Failure   Level
 Summon Small Mammal      Summ           4%         N/A       19%         1
 Call Canine Familiar     Summ           1%         N/A       50%         3
 Summon Guardian Golem    Hex/Summ       1%         N/A       50%         3
 Ice Form                 Ice/Tmut       5%         N/A       77%         4


Dungeon Overview and Level Annotations

Branches:
Dungeon (2/15)

Altars:


Innate Abilities, Weirdness & Mutations

You cannot wear most types of armour.
You are amphibious.
You can wear up to eight rings at the same time.
Your skin changes colour to match your surroundings (Stealth+).
Your rubbery body absorbs attacks. (AC +1, EV +1)
((You are camouflaged near water. (Stealth+)))
You have tentacles for arms and can constrict up to eight enemies at once.


Message History

Done exploring.
Done exploring.
Done exploring.
Done exploring.
There is a stone staircase leading down here.
You climb downwards.
There is a stone staircase leading up here.
A bat is nearby!
A bat is nearby!
A bat is nearby!
The helpless bat fails to defend itself.
You puncture the bat!
You kill the bat!
You see here a bat corpse.
A goblin comes into view. It is wielding a +0 club.
The goblin shouts!
You hear a shout!
You hear an angry hiss.
A goblin is nearby!
A goblin is nearby!
A quokka and a kobold come into view.
Found a fuming dark potion.
An adder comes into view.
Found 13 gold pieces.
The goblin hits you but does no damage.
You hit the goblin.
The goblin is poisoned.
Your grab misses the goblin.
The goblin is moderately wounded.
The adder barely misses you. The goblin hits you with a +0 club.
The adder bites you.
You kill the goblin!
A rat comes into view.
You closely miss the adder. Your grab misses the adder. The adder bites you.
You are poisoned.
The adder poisons you! The adder bites you.
You are lethally poisoned!
The adder poisons you!
You hit the adder but do no damage. Your grab misses the adder.
* * * LOW HITPOINT WARNING * * *
You feel very sick. The adder bites you.
* * * LOW HITPOINT WARNING * * *
You barely miss the adder. Your grab misses the adder.
You die...

#†# #.#.# #
..#.####
#.#.#....#
#.#.#....#
#.#.#.#..#
#+###...#....#
.!.....r###.##
....?..rKS@.#
.......######
.......
.......
....$..
8.....8
.......
.......


You could see an adder, a quokka, a kobold and a rat.

Vanquished Creatures
  2 dart slugs (D:1)
  3 bats
  4 goblins
  3 hobgoblins (D:1)
  3 jackals (D:1)
  A quokka (D:1)
  A ball python (D:1)
  2 frilled lizards (D:1)
19 creatures vanquished.

Vanquished Creatures (others)
  A fungus (D:1)
  A plant (D:1)
2 creatures vanquished.

Grand Total: 21 creatures vanquished

Notes
Turn   | Place    | Note
-------+----------+-------------------------------------------
     0 | D:1      | ytrimaz the Octopode Transmuter began the quest for the
                  | Orb.
     0 | D:1      | Reached XP level 1. HP: 13/13 MP: 3/3
   222 | D:1      | Reached XP level 2. HP: 12/18 MP: 3/5
   379 | D:1      | Reached skill level 1 in Stealth
   399 | D:1      | Found a faded altar of an unknown god.
   815 | D:1      | Reached XP level 3. HP: 21/23 MP: 4/6
   818 | D:1      | Learned a level 2 spell: Wereblood
   822 | D:1      | Learned a level 3 spell: Spider Form
  1000 | D:2      | Succumbed to an adder's poison

Illustrated notes

Levels and vault maps discovered:
D:1:      onia_arrival_mini_spirals, layout_rooms, shapermc_ecumenical_altar_gd,
          minmay_cut_off
D:2:      layout_basic, minmay_misc_feat_nine_boxes, st_stairs_1,
          kennysheep_generic_room_14

Skill      XL: |  1  2 |
---------------+-------+-----
Stealth        | 1 |  1.4
Fighting       | |  1.0
Dodging        | |  2.1
Unarmed Combat | |  3.6
Spellcasting   | |  2.2
Transmutations | |  2.0

Action                   || total
-------------------------++-------
Melee: Unarmed           ||    21
       Constrict         ||    14
       Tentacles         ||     9
       Kick              ||     7
       Dagger            ||    21
 Cast: Beastly Appendage ||     6
 Stab: Sleeping          ||     3
Armor: Skin              ||     2
Dodge: Dodged            ||    30

Table legend: (Time is in decaauts)
 A = Elapsed time spent in this place.
 B = Non-inter-level travel time spent in this place.
 C = Inter-level travel time spent in this place.
 D = Time resting spent in this place.
 E = Time spent auto-exploring this place.
 F = Levels seen in this place.
 G = Mean time per level.
                   A        B        C        D        E       F      G
               +--------+--------+--------+--------+--------+-----+--------+
         Total |    998 |    989 |      9 |      0 |    844 |   2 |  499.0 |
       Dungeon |    998 |    989 |      9 |      0 |    844 |   2 |  499.0 |
               +--------+--------+--------+--------+--------+-----+--------+

Top non-repeatable levels by time:
     D:1: 977 daAuts
     D:2: 20 daAuts
